 Dungeon Crawl Stone Soup version 0.18-a0-1577-gf591c28 (console) character file.

110 Liam the Magician (level 4, 0/27 HPs)
             Began as a High Elf Wizard on Mar 21, 2016.
             Slain by a giant frog skeleton (4 damage)
             ... on level 4 of the Dungeon on Mar 22, 2016.
             The game lasted 00:13:15 (5065 turns).

Liam the Magician (High Elf Wizard)                 Turns: 5065, Time: 00:13:15

Health: 0/27       AC:  2    Str:  6    XL:     4   Next: 61%
Magic:  1/11       EV: 13    Int: 30    God:
Gold:   100        SH:  0    Dex: 14    Spells: 5 memorised, 1 level left

rFire  . . .     SeeInvis .     z - +7 hunting sling {freeze, Int+3}
rCold  . . .     Gourm    .     a - +0 robe
rNeg   . . .     Faith    .     (no shield)
rPois  .         Spirit   .     b - +0 hat
rElec  .         Dismiss  .     (no cloak)
rCorr  .         Reflect  .     (no gloves)
SustAt .         Harm     .     (no boots)
MR     .....                    (no amulet)
Stlth  ++........               (no ring)
                                (no ring)

@: brilliant, very slightly contaminated, not resistant to hostile enchantments,
unstealthy
A: no striking features
a: no special abilities


You were on level 4 of the Dungeon.
You were very hungry.

You visited 1 branch of the dungeon, and saw 4 of its levels.

You collected 190 gold pieces.
You spent 90 gold pieces at shops.

Inventory:

Hand Weapons
 z - the +7 hunting sling of Untruth (weapon) {freeze, Int+3}
   (You found it on level 4 of the Dungeon)

   It causes projectiles fired from it to freeze those they strike, causing
   extra injury to most foes and up to half again as much damage against
   particularly susceptible opponents.
   They can also slow down cold-blooded creatures.
   It affects your intelligence (+3).
Missiles
 o - 105 stones (quivered)
Armour
 a - a +0 robe (worn)
 b - a +0 hat (worn)
Jewellery
 r - an uncursed amulet of dismissal
 x - a +3 ring of dexterity {unknown}
Scrolls
 f - 4 scrolls of identify {unknown}
 h - 2 scrolls of remove curse {unknown}
 i - a scroll of amnesia {unknown}
 j - 2 scrolls of recharging {unknown}
 s - a scroll of teleportation {unknown}
 t - a scroll of random uselessness {unknown}
 w - a scroll of fear {unknown}
 y - a scroll of noise {unknown}
Potions
 e - 3 potions of brilliance
 k - a potion of mutation {unknown}
 l - a potion of heal wounds {unknown}
 m - a potion of haste {unknown}
 p - a potion of flight {unknown}
 q - a potion of degeneration {unknown}
 u - a potion of might {unknown}
 v - a potion of curing
Books
 c - a book of Minor Magic

   Spells                             Type                      Level
   a - Magic Dart                     Conjuration                  1
   b - Blink                          Translocation                2
   c - Call Imp                       Summoning                    2
   d - Repel Missiles                 Charms/Air                   2
   e - Slow                           Hexes                        2
   f - Conjure Flame                  Conjuration/Fire             3
   g - Mephitic Cloud                 Conjuration/Poison/Air       3
Comestibles
 d - 4 bread rations
 g - 3 meat rations
 n - a beef jerky


   Skills:
 + Level 0.4 Fighting
 + Level 2.7 Dodging
 + Level 2.7 Stealth
 + Level 4.8 Spellcasting
 + Level 2.8 Conjurations
   Level 0.8 Summonings
 + Level 1.1 Translocations


You had one spell level left.
You knew the following spells:

 Your Spells              Type           Power        Failure   Level  Hunger
a - Magic Dart            Conj           ####         1%          1    None
b - Blink                 Tloc           N/A          1%          2    None
d - Mephitic Cloud        Conj/Pois/Air  ####....     1%          3    #......
e - Conjure Flame         Conj/Fire      ####....     1%          3    #......
m - Repel Missiles        Chrm/Air       ####..       1%          2    None


Dungeon Overview and Level Annotations

Branches:
Dungeon (4/15)
 Temple: D:4-7

Altars:
Nemelex Xobeh
Zin


Message History

Confirm with . or Enter, or press ? or * to list all spells.
Aiming: Magic Dart
Press: ? - help, Shift-Dir - straight line, f/p - giant frog skeleton
Aim: a giant frog skeleton The magic dart hits the giant frog skeleton.
The giant frog skeleton hits you.
* * * LOW HITPOINT WARNING * * *
Casting: Magic Dart
Confirm with . or Enter, or press ? or * to list all spells.
You don't have enough magic to cast that spell.
Unknown command.
The giant frog skeleton hits you.
* * * LOW HITPOINT WARNING * * *
You are feeling very hungry.
Drink which item? (? for menu, Esc to quit)
It was a potion of brilliance.
You feel clever all of a sudden.
The giant frog skeleton barely misses you.
The giant frog skeleton hits you.
You die...

#........
+.#....#
#......+
#......#
###....#
#....#
##...#
#..Z#
##.@#
#.># ####


You could see a giant frog skeleton.

Vanquished Creatures
  2 adders
  2 oozes (D:1)
  An adder skeleton (D:4)
  4 worms
  2 dart slugs
  2 giant geckos
  3 orcs
  10 bats
  4 giant cockroaches
  6 goblins
  5 hobgoblins
  3 jackals
  A quokka (D:4)
  2 ball pythons
  A giant newt (D:3)
  5 kobolds
  7 rats
60 creatures vanquished.

Notes
Turn   | Place    | Note
--------------------------------------------------------------
     0 | D:1      | Liam the High Elf Wizard began the quest for the Orb.
     0 | D:1      | Reached XP level 1. HP: 11/11 MP: 6/6
   395 | D:1      | Reached skill level 4 in Spellcasting
   395 | D:1      | Reached XP level 2. HP: 17/17 MP: 5/8
  1796 | D:3      | Reached XP level 3. HP: 18/21 MP: 0/9
  3635 | D:2      | Reached XP level 4. HP: 27/27 MP: 7/11
  3769 | D:2      | Found Zin's Purification Station.
  3887 | D:2      | Found a glowing silver altar of Zin.
  3912 | D:2      | Bought a potion of curing for 90 gold pieces
  4025 | D:2      | Learned a level 2 spell: Blink
  4028 | D:2      | Learned a level 2 spell: Repel Missiles
  4032 | D:2      | Learned a level 3 spell: Conjure Flame
  4036 | D:2      | Learned a level 3 spell: Mephitic Cloud
  4292 | D:3      | Found a sparkling altar of Nemelex Xobeh.
  5009 | D:4      | Got a dazzling hunting sling
  5010 | D:4      | Identified the +7 hunting sling of Untruth {freeze, Int+3} (You found it on level 4 of the Dungeon)
  5065 | D:4      | Slain by a giant frog skeleton

Vault maps used:
D:1:      scummos_arrival_simple_crosswalls
D:2:      zin_purify, minmay_misc_feat_chi
D:3:      old_standard_altar, minivault_25, st_stairs_8
D:4:      vehumet_statue, gammafunk_pakellas_statue_experiment, first_bread

Skill      XL: |  1  2  3 |
---------------+----------+-----
Spellcasting   | 4 |  4.8
Conjurations   | 2 |  2.8
Fighting       | |  0.4
Dodging        | |  2.7
Stealth        | |  2.7
Summonings     | |  0.8
Translocations | |  1.1

Action                   |  1- 3 |  4- 6 || total
-------------------------+-------+-------++-------
Melee: Unarmed           |    44 |       ||    44
 Cast: Magic Dart        |   198 |    83 ||   281
       Blink             |       |     1 ||     1
  Use: Potion            |       |     1 ||     1
  Eat: Bread ration      |     1 |       ||     1
       Chunk             |     4 |     3 ||     7
